 Dungeon Crawl Stone Soup version 0.26.0-15-gc6cd9f700b (webtiles) character file.

Game seed: 14816624193375137464

10875 hatsuma the Grappler (level 11, 0/104 HPs)
             Began as a Ghoul Monk on Jan 16, 2021.
             Was an Elder of Wu Jian.
             Slain by a boulder beetle (20 damage)
             ... on level 11 of the Dungeon on Jan 17, 2021.
             The game lasted 01:45:39 (11742 turns).

hatsuma the Grappler (Ghoul Monk)                  Turns: 11742, Time: 01:45:39

Health: 0/104      AC: 14    Str: 17    XL:     11   Next: 68%
Magic:  10/10      EV: 16    Int:  5    God:    Wu Jian [****..]
Gold:   577        SH:  0    Dex: 13    Spells: 10/10 levels left

rFire    . . .     SeeInvis .     - Unarmed
rCold    + . .     Faith    .   (no shield)
rNeg     + + +     Spirit   .   z - +1 steam dragon scales
rPois    ∞         Reflect  .   v - +2 hat
rElec    .         Harm     .   (no cloak)
rCorr    +         Rampage  .   n - +2 pair of gloves
Will     .....                  c - +2 pair of boots
Stlth    ++++......             C - amulet of regeneration
HPRegen  0.00/turn              t - ring of flight
MPRegen  0.12/turn              I - ring of resist corrosion

@: no status effects
A: claws 1, cold resistance 1, negative energy resistance 3, inhibited
regeneration, torment resistance, unbreathing
a: Renounce Religion, Evoke Flight, Wall Jump, Serpent's Lash


You were on level 11 of the Dungeon.
You worshipped Wu Jian.
Wu Jian was greatly pleased with you.
You visited 2 branches of the dungeon, and saw 12 of its levels.
You also visited: Ossuary.

You collected 717 gold pieces.
You spent 140 gold pieces at shops.

Inventory:

Hand Weapons
 h - a +2 dagger of distortion
Missiles
 b - 363 stones
 j - 3 throwing nets
 p - 67 poisoned darts
 K - 8 curare-tipped darts
 O - 4 boomerangs
 P - 5 javelins
Armour
 c - a +2 pair of boots (worn)
 n - a +2 pair of gloves (worn)
 v - a +2 hat (worn)
 z - +1 steam dragon scales (worn)
Jewellery
 t - a ring of flight (left hand)
 C - an amulet of regeneration (around neck)
 I - a ring of resist corrosion (right hand)
Wands
 w - a wand of paralysis (8)
 D - a wand of flame (11)
 L - a wand of random effects (34)
Scrolls
 d - 5 scrolls of amnesia
 e - 9 scrolls of teleportation
 k - 4 scrolls of immolation {unknown}
 m - 5 scrolls of enchant weapon
 r - 3 scrolls of magic mapping {unknown}
 s - 3 scrolls of blinking {unknown}
 x - 2 scrolls of noise {unknown}
 y - 3 scrolls of remove curse
 F - 3 scrolls of random uselessness {unknown}
 J - 2 scrolls of identify
Potions
 a - a potion of magic {unknown}
 f - 2 potions of brilliance {unknown}
 g - a potion of attraction {unknown}
 i - 4 potions of heal wounds
 l - 6 potions of might
 o - 2 potions of lignification {unknown}
 q - 8 potions of curing
 u - 5 potions of flight {unknown}
 A - a potion of haste
 B - 2 potions of mutation {unknown}
 E - a potion of invisibility {unknown}
 G - a potion of resistance {unknown}
 H - a potion of cancellation {unknown}
 M - a potion of ambrosia {unknown}
 N - a potion of berserk rage {unknown}


   Skills:
 - Level 12.0 Fighting
 + Level 7.0 Dodging
 - Level 9.0 Stealth
 - Level 12.0 Unarmed Combat


You had 10 spell levels left.
You didn't know any spells.
Your spell library contained the following spells:

 Spells                   Type           Power        Failure   Level
 Foxfire                  Conj/Fire      0%           47%         1
 Conjure Flame            Conj/Fire      0%           85%         3
 Inner Flame              Hex/Fire       0%           85%         3
 Sticky Flame             Conj/Fire      0%           99%         4
 Fireball                 Conj/Fire      0%           100%        5


Dungeon Overview and Level Annotations

Branches:
Dungeon (11/15)            Temple (1/1) D:4            Lair (0/6) D:9
    Orc (0/2) D:10        Ossuary (visited)

Altars:
Ashenzari
Cheibriados
Dithmenos
Elyvilon
Fedhas
Gozag
Hepliaklqana
Kikubaaqudgha
Makhleb
Nemelex Xobeh
Okawaru
Qazlal
Ru
Sif Muna
Trog
Uskayaw
Vehumet
Wu Jian
Xom
Yredelemnul
Zin
The Shining One
Beogh
Jiyva

Shops:
D:6 *?(![   D:11 =

Annotations:
D:9 2 runed translucent doors, trckry's ghost, novice DrTm


Innate Abilities, Weirdness & Mutations

You thrive by killing the living.
You are immune to poison.
You have sharp fingernails.
Your flesh is cold resistant. (rC+)
You are immune to negative energy. (rN+++)
You do not regenerate when monsters are visible.
You are immune to unholy pain and torment.
You can survive without breathing.


Message History

You see here a killer bee corpse.
Things that are here:
+0 acid dragon scales; an acid dragon corpse The boulder beetle curls into a ball and begins rolling!
The boulder beetle hits you!!!
* * * LOW HITPOINT WARNING * * *
The boulder beetle stops rolling and uncurls.
You punch the boulder beetle!
The boulder beetle is lightly wounded.
The boulder beetle bites you.
* * * LOW HITPOINT WARNING * * *
You hit the boulder beetle but do no damage.
The boulder beetle is lightly wounded.
The boulder beetle misses you.
You hit the boulder beetle but do no damage.
The boulder beetle is lightly wounded.
You punch the boulder beetle!
The boulder beetle is moderately wounded.
The boulder beetle bites you!!
You die...

#.........# #.#.#.# #.........#
#.....# #.........# #.....#
#.........# #.#.#.# #.........#
#.....# #.........# #.....#
#.........# #.#.#.# ##
#>.....B..# #.....# #.
#########.)....@..#####.....###.
<........††[.$..[....=#.#.#.#...
..............(.......#.....#..#
......................#.....#..#
..............>.......#.#.#.#..#
.....∩................#.....#..#
)............†........#†....#..#
......................†.........
.............†..................


You could see a boulder beetle.

Vanquished Creatures
  Harold (D:7)
  A two-headed ogre (D:11)
  A tengu warrior (D:9)
  Sonja (D:10)
  2 orc knights (D:10)
  A centaur skeleton (D:10)
  Maggie (D:9)
  A rime drake (shapeshifter) (D:10)
  2 trolls (D:8)
  A hornet (D:10)
  A vampire (D:9)
  A shadow (D:11)
  2 wyverns (D:11)
  A yak (D:9)
  An acid dragon (D:11)
  2 wargs (D:9)
  3 ice beasts
  3 orc warriors
  A sky beast (D:5)
  2 ogres
  2 eyes of draining
  2 necrophages (D:9)
  2 black bears (D:11)
  2 centaurs (D:9)
  2 big kobolds
  9 bullfrogs
  A water moccasin zombie (D:8)
  A wyvern skeleton (D:9)
  4 scorpions
  3 killer bees (D:11)
  12 wights
  2 electric eels (D:9)
  3 howler monkeys
  A bullfrog zombie (D:11)
  A human zombie (Ossuary)
  A quasit (D:10)
  7 orc priests
  6 hounds
  2 bullfrog skeletons
  2 centaur zombies
  7 orc wizards
  5 jellies
  2 iguanas
  8 worker ants
  A hound zombie (D:8)
  A hound skeleton (D:7)
  2 mummies (Ossuary)
  A howler monkey zombie (D:5)
  3 worker ant zombies
  3 gnolls (D:4)
  12 adders
  2 shadow imps
  2 white imps (D:5)
  2 ufetubi
  An ooze (D:3)
  2 worms (D:3)
  4 dart slugs
  A leopard gecko (D:2)
  55 orcs
  12 bats
  2 giant cockroaches
  A gnoll zombie (Ossuary)
  6 goblins
  7 hobgoblins
  10 jackals
  3 quokkas
  3 ball pythons
  7 frilled lizards
  2 hobgoblin zombies (Ossuary)
  20 kobolds
  2 leopard gecko zombies
  3 orc zombies (Ossuary)
  3 quokka skeletons
  13 rats
302 creatures vanquished.

Vanquished Creatures (others)
  A kobold (D:10)
  21 plants
22 creatures vanquished.

Grand Total: 324 creatures vanquished

Notes
Turn   | Place    | Note
-------+----------+-------------------------------------------
     0 | D:1      | hatsuma the Ghoul Monk began the quest for the Orb.
     0 | D:1      | Reached XP level 1. HP: 19/19 MP: 0/0
   236 | D:1      | Reached XP level 2. HP: 22/26 MP: 1/1
   600 | D:1      | Reached XP level 3. HP: 29/31 MP: 2/2
   668 | D:1      | You fall into a shaft and drop 1 floor!
  1490 | D:2      | Reached skill level 5 in Unarmed Combat
  1490 | D:2      | Reached XP level 4. HP: 30/38 MP: 3/3
  1648 | D:3      | Noticed a centaur
  2462 | D:3      | Reached XP level 5. HP: 42/47 MP: 4/4
  3335 | D:4      | Reached skill level 5 in Fighting
  3911 | D:4      | Found a staircase to the Ecumenical Temple.
  3916 | Temple   | Entered the Ecumenical Temple
  4189 | Temple   | Became a worshipper of the Wu Jian Council
  4189 | Temple   | Reached * piety under Wu Jian
  4189 | Temple   | Reached ** piety under Wu Jian
  4436 | D:5      | Entered Level 5 of the Dungeon
  4777 | D:5      | Reached XP level 6. HP: 57/57 MP: 5/5
  5136 | D:5      | Noticed a sky beast
  5160 | D:5      | Killed a sky beast
  5763 | D:5      | Reached XP level 7. HP: 63/63 MP: 6/6
  5962 | D:6      | Found Zoofilaunatz's Distillery.
  5982 | D:6      | Bought a potion of haste for 140 gold pieces
  6051 | D:6      | Found Haoxikat's Magic Scroll Boutique.
  6261 | D:6      | Found Gahown's General Store.
  6545 | D:6      | Found Leraip's Antique Weapon Boutique.
  6637 | D:6      | Reached XP level 8. HP: 69/73 MP: 7/7
  6727 | D:6      | Found Lyonuim's Antique Armour Boutique.
  7448 | D:7      | Noticed Harold
  7636 | D:7      | Killed Harold
  7637 | D:7      | Reached skill level 10 in Fighting
  7637 | D:7      | Reached XP level 9. HP: 25/85 MP: 8/8
  7728 | D:7      | Reached *** piety under Wu Jian
  8084 | D:7      | Reached skill level 5 in Stealth
  8542 | D:8      | Reached **** piety under Wu Jian
  8569 | D:8      | Found a viscous altar of Jiyva.
  8576 | D:8      | Noticed a troll
  8591 | D:8      | Killed a troll
  8604 | D:8      | Found a sand-covered staircase.
  8608 | Ossuary  | Entered an ossuary
  9109 | D:9      | Reached skill level 10 in Unarmed Combat
  9140 | D:9      | Reached XP level 10. HP: 93/93 MP: 9/9
  9284 | D:9      | Found a staircase to the Lair.
  9299 | D:9      | Noticed Maggie
  9318 | D:9      | Reached skill level 5 in Dodging
  9336 | D:9      | Killed Maggie
  9414 | D:9      | Found a large runed translucent door.
  9415 | D:9      | Found a large runed translucent door.
  9496 | D:9      | Found a glowing silver altar of Zin.
  9497 | D:9      | Found a basalt altar of Yredelemnul.
  9505 | D:9      | Found a sparkling altar of Nemelex Xobeh.
  9511 | D:9      | Found a white marble altar of Elyvilon.
  9516 | D:9      | Found a bloodstained altar of Trog.
  9522 | D:9      | Found an opulent altar of Gozag.
  9527 | D:9      | Found a shadowy altar of Dithmenos.
  9711 | D:9      | Noticed a tengu warrior
  9856 | D:9      | Noticed trckry's ghost (novice DrTm)
  9895 | D:9      | Killed a tengu warrior
 10378 | D:10     | Entered Level 10 of the Dungeon
 10378 | D:10     | Noticed Sonja
 10392 | D:10     | Killed Sonja
 10392 | D:10     | Reached XP level 11. HP: 97/102 MP: 10/10
 10773 | D:10     | Found a roughly hewn altar of Beogh.
 10773 | D:10     | Found a staircase to the Orcish Mines.
 10773 | D:10     | Noticed an orc knight
 10798 | D:10     | Noticed an orc knight
 10805 | D:10     | Killed an orc knight
 10821 | D:10     | HP: 1/104 [orc knight/+0 battleaxe (15)]
 10823 | D:10     | Killed an orc knight
 10959 | D:10     | Reached ***** piety under Wu Jian
 11288 | D:10     | Noticed a cyclops
 11319 | D:11     | Found a sacrificial altar of Ru.
 11529 | D:11     | Noticed a boulder beetle
 11685 | D:11     | Found Kapimn's Jewellery Boutique.
 11693 | D:11     | Noticed a two-headed ogre
 11717 | D:11     | Killed a two-headed ogre
 11742 | D:11     | Slain by a boulder beetle

Illustrated notes

Levels and vault maps discovered:
D:1:      lemuel_arrival_lava_pool, layout_rooms
D:2:      layout_loops_cross
D:3:      layout_rooms, minmay_puff
D:4:      layout_loops_ring, temple_doors_cd, saegor_snake_ambush
D:5:      layout_layer_cave
D:6:      layout_loops_ring, serial_shops, shop, kennysheep_little_box,
          nicolae_shop_crystal, nicolae_shop_waterfront, shop
D:7:      layout_basic, uniq_harold
D:8:      layout_basic, enter_ossuary_5, jiyva_altar_1
D:9:      cheibrodos_barr_body, layout_rooms, grunt_temple_overflow_octagram,
          erik_lair_orcish_takeover, ebering_ghost_disaster_area, serial_bayou,
          serial_bayou_shore_a, serial_bayou_pond_e, serial_bayou_pond_d,
          serial_bayou_pond_c, uniq_maggie
D:10:     minmay_diamond_stairs, layout_small_grid, david_orc_5, uniq_sonja
D:11:     layout_cross, serial_shops, shop, columned_hall_lemuel,
          david_defended_altar_elf
Temple:   regret_index_temple_waves

Skill      XL: |  1  2  3  4  5  6  7  8  9 10 11 |
---------------+----------------------------------+-----
Unarmed Combat | 4 5 6 7 8 10 11 12 | 12.0
Stealth        | 3 4 7 8 9 |  9.0
Fighting       | 4 5 6 7 10 11 12 | 12.0
Dodging        | 3 5 7 |  7.0

Action                   |  1- 3 |  4- 6 |  7- 9 | 10-12 || total
-------------------------+-------+-------+-------+-------++-------
Melee: Unarmed           |   119 |   304 |   428 |   475 ||  1326
       Punch             |       |     5 |    15 |    19 ||    39
Throw: Stone             |     9 |     7 |     1 |     1 ||    18
Invok: Whirlwind         |       |    20 |    88 |   113 ||   221
       Lunge             |       |     5 |    50 |    51 ||   106
       Serpent's Lash    |       |       |     2 |     4 ||     6
       Heavenly Storm    |       |       |       |     1 ||     1
 Abil: Wall Jump         |       |     4 |    30 |    11 ||    45
Evoke: Wand              |       |       |     3 |       ||     3
  Use: Scroll            |     5 |     5 |     7 |     2 ||    19
       Potion            |       |       |     1 |     1 ||     2
 Stab: Sleeping          |     4 |     2 |    17 |     7 ||    30
       Paralysed         |       |       |     3 |       ||     3
       Distracted        |       |       |       |     1 ||     1
Armor: Robe              |    16 |    51 |   104 |    17 ||   188
       Leather armour    |    24 |    19 |       |       ||    43
       Steam dragon scal |       |       |       |    97 ||    97
Dodge: Dodged            |    82 |   161 |   181 |   251 ||   675
